 Dungeon Crawl Stone Soup version 0.31-a0-1603-gbec6b6ccbf (webtiles) character file.

Game seed: 8121511595064861061

43904 gelatine the Skirmisher (level 13, -6/101 HPs)
             Began as a Demonspawn Hunter on Jan 8, 2024.
             Mangled by a komodo dragon (15 damage)
             ... on level 3 of the Lair of Beasts.
             The game lasted 00:35:38 (13187 turns).

gelatine the Skirmisher (Demonspawn Hunter)        Turns: 13187, Time: 00:35:41

Health: -6/101     AC: 14    Str: 11    XL:     13   Next: 93%
Magic:  23/23      EV: 22    Int: 11    God:
Gold:   901        SH:  0    Dex: 21    Spells: 20/25 levels left

rFire   . . .        T - +1 longbow (freeze)
rCold   . . .        (shield currently unavailable)
rNeg    . . .        L - +0 steam dragon scales
rPois   .            (helmet unavailable)
rElec   .            s - +2 cloak
rCorr   .            v - +2 pair of gloves
SInv    .            (no boots)
Will    ++...        K - amulet of the acrobat
Stlth   +            k - +4 ring of slaying
HPRegen 0.36/turn    B - +5 ring of evasion
MPRegen 0.18/turn

%: acrobat
@: confused, ambrosia-drunk
A: horns 3, icy blue scales 1, demonic guardian 3, foul stench 1, corrupting
presence 2, strong-willed 2, screaming 1
a: no special abilities


You were on level 3 of the Lair of Beasts.
You visited 3 branches of the dungeon, and saw 15 of its levels.
You also visited: Sewer, Ossuary and Bailey.

You collected 901 gold pieces.

Inventory:

Hand Weapons
 t - a +0 sling
 P - the +4 arbalest "Uzavynu" {flame, ^Contam Will+ rCorr Dex+2}
   (You found it in a bailey)

   Dex+2:     It affects your dexterity (+2).
   Will+:     It increases your willpower.
   ^Contam:   It causes magical contamination when unequipped.
   rCorr:     It protects you from acid and corrosion.
 T - a +1 longbow of freezing (weapon)
Armour
 a - a +2 robe of willpower
 s - a +2 cloak (worn)
 v - a +2 pair of gloves (worn)
 L - +0 steam dragon scales (worn)
 S - a +2 robe of resistance
 X - a +0 tower shield
Jewellery
 g - a +6 ring of dexterity
 k - a +4 ring of slaying (left hand)
 B - a +5 ring of evasion (right hand)
 C - a ring of see invisible
 I - a ring of protection from fire
 K - an amulet of the acrobat (around neck)
 U - a ring of wizardry
 Y - a ring of protection from cold
Wands
 r - a wand of flame (26)
 u - a wand of light (14)
 H - a wand of mindburst (10)
 N - a wand of charming (9)
 W - a wand of roots (25)
Scrolls
 b - 2 scrolls of butterflies
 e - a scroll of poison
 f - 2 scrolls of blinking
 i - 2 scrolls of noise
 j - a scroll of amnesia {unknown}
 l - a scroll of torment {unknown}
 n - a scroll of immolation {unknown}
 x - 2 scrolls of brand weapon
 y - a scroll of fog
 D - 3 scrolls of teleportation
 E - a scroll of enchant weapon
 G - a scroll of fear
 M - 3 scrolls of enchant armour
 O - a scroll of silence {unknown}
Potions
 c - a potion of resistance
 d - 3 potions of mutation
 m - 2 potions of invisibility
 o - 4 potions of lignification
 p - 3 potions of enlightenment
 q - 4 potions of haste
 z - 3 potions of heal wounds {unknown}
 A - 3 potions of might {unknown}
 F - a potion of cancellation {unknown}
 Z - 4 potions of brilliance {unknown}
Miscellaneous
 V - a condenser vane


   Skills:
 * Level 9.4 Fighting
 * Level 14.9 Ranged Weapons
 + Level 3.3 Armour
 * Level 7.0 Dodging
 + Level 4.6 Stealth
 + Level 1.2 Shields
 * Level 6.7 Spellcasting
 + Level 1.2 Translocations
 * Level 6.4 Alchemy
 + Level 3.3 Evocations


You had 20 spell levels left.
You knew the following spells:

 Your Spells              Type           Power      Damage    Failure   Level
a - Olgreb's Toxic Radia  Alch           17%        N/A       13%         4
b - Apportation           Tloc           12%        N/A       11%         1

Your spell library contained the following spells:

 Spells                   Type           Power      Damage    Failure   Level
 Mercury Vapours          Alch/Air       20%        N/A       8%          2
 Mephitic Cloud           Conj/Alch/Air  8%         N/A       22%         3
 Jinxbite                 Hex            6%         N/A       26%         2
 Alistair's Intoxication  Alch           11%        N/A       34%         5
 Stone Arrow              Conj/Erth      6%         3d7       47%         3
 Animate Armour           Summ/Erth      6%         N/A       87%         4
 Freezing Cloud           Conj/Ice/Air   1%         6-21      99%         5
 Ozocubu's Refrigeration  Ice            1%         4d7       100%        7
 Discord                  Hex            1%         N/A       100%        8
 Lehudib's Crystal Spear  Conj/Erth      1%         10d2      100%        8


Dungeon Overview and Level Annotations

Branches:
Dungeon (11/15)            Temple (1/1) D:6            Lair (3/5) D:11
  Swamp (0/4) Lair:2        Snake (0/4) Lair:2          Orc (0/2) D:11
  Sewer (visited)         Ossuary (visited)          Bailey (visited)

Altars:
Ashenzari
Cheibriados
Dithmenos
Fedhas
Gozag
Hepliaklqana
Kikubaaqudgha
Makhleb
Nemelex Xobeh
Okawaru
Qazlal
Ru
Sif Muna
Trog
Uskayaw
Vehumet
Wu Jian
Xom
Yredelemnul

Portals:
Abyss: D:9

Annotations:
D:9 2 transporters, CougarLife's ghost, novice GnSh


Innate Abilities, Weirdness & Mutations

You have a pair of large horns on your head.
You are partially covered in icy blue scales. (AC +2)
A powerful demonic guardian rushes to your aid.
You may rarely emit foul miasma when damaged in melee.
Your presence sometimes corrodes or deforms those you injure.
You are highly strong-willed. (Will++)
You occasionally shout uncontrollably at your foes.


Message History

The arrow completely misses the water moccasin.
Your smoke demon barely misses the yak.
Your smoke demon hits the yak.
The yak dies!
The water moccasin misses you. The yak completely misses you.
Fire: T) +1 longbow (freeze)
Press: ? - help, Q - select action, (/) - cycle Shift-Dir - straight line, f/p - water moccasin
Aim: a water moccasin (ally target, 62% to hit)
You shoot an arrow. The arrow hits the water moccasin!!
Your corrupting presence corrodes the water moccasin!
The water moccasin twists and deforms.
The water moccasin seems to slow down.
The arrow freezes the water moccasin!
You kill the water moccasin!
Your smoke demon closely misses the yak.
Your smoke demon barely misses the yak. x2; The yak barely misses you. x2
Fire: T) +1 longbow (freeze)
Press: ? - help, Q - select action, (/) - cycle Shift-Dir - straight line, f - komodo dragon
Aim: a komodo dragon (lightly wounded, ally target, 78% to hit)
You shoot an arrow.
The arrow barely misses the komodo dragon.
The yak gores you but does no damage.
The komodo dragon closely misses your butterfly.
The yak gores you!
* * * LOW HITPOINT WARNING * * *
You emit a cloud of foul miasma!
The komodo dragon misses you.
You are confused.
You feel invigorated.
Your smoke demon hits the yak.
Your smoke demon barely misses the yak.
Your smoke demon hits the yak but does no damage.
The yak misses you.
The komodo dragon completely misses your butterfly.
The yak is engulfed in dark miasma.
The yak is poisoned.
The yak seems to slow down.
The yak closely misses you. The komodo dragon barely misses you.
You're too confused to move!
The yak is no longer moving slowly.
Your smoke demon hits the yak.
Your smoke demon hits the yak but does no damage. x2
The yak gores you!
* * * LOW HITPOINT WARNING * * *
The komodo dragon bites you!
You die...
P

..# ..#. P...#
####...# .
##@#....#...
##lYYY......#.
#)..l3b.#..#YY
##..##.b##...Y.
##......bb#)..#
#..bb...b.bb..###
.........>b?.b..#.#
....#....l..b#†...##
....#........#.....##


You could see 2 komodo dragons, 3 yaks and a friendly smoke demon (summoned).

Vanquished Creatures
  A hydra (Lair:2)
  Erica (D:8)
  A centaur warrior (D:11)
  3 two-headed ogres
  A skyshark (Lair:3)
  Maurice (D:8)
  A black mamba (Lair:1)
  2 cane toads (Lair:3)
  5 komodo dragons
  3 rime drakes (Lair:2)
  Psyche (D:8)
  3 trolls
  2 polar bears
  A tyrant leech (Lair:2)
  32 yaks
  A wyvern (Lair:2)
  7 wraiths
  2 shadows (D:10)
  Grum (D:10)
  A vampire (D:10)
  5 basilisks
  3 steam dragons
  A warg (D:11)
  3 vampire mosquitoes (D:11)
  Edmund (D:4)
  5 water moccasins
  A swamp drake (D:11)
  An ice beast (D:5)
  14 orc warriors
  A black bear (Lair:1)
  2 ogres
  16 wolves
  12 centaurs
  2 phantoms
  2 kobold brigands
  2 brain worms (Sewer)
  11 bullfrogs
  A gnoll sergeant (D:10)
  8 scorpions
  15 wights
  12 killer bees
  2 electric eels (Lair:2)
  8 howler monkeys
  3 bombardier beetles
  2 centaur zombies (Ossuary)
  2 jellies
  An iguana (D:5)
  3 orc priests
  Crazy Yiuf (D:2)
  Natasha (thrice) (D:2)
  6 orc wizards
  3 crocodile zombies (Ossuary)
  3 mummies (Ossuary)
  12 gnolls
  15 adders
  4 river rats
  3 white imps
  4 ufetubi
  3 dart slugs
  2 ribbon worms
  49 orcs
  13 ball pythons
  6 endoplasms
  5 giant cockroaches
  3 gnoll zombies (Ossuary)
  14 goblins
  10 hobgoblins
  6 jackals
  15 kobolds
  4 quokkas (D:4)
  6 bats
  12 frilled lizards
  A kobold zombie (Ossuary)
  9 rats
421 creatures vanquished.

Vanquished Creatures (collateral kills)
  A two-headed ogre (D:8)
  3 yaks
  An acid dragon (D:8)
  An iguana (D:6)
  An orc wizard (D:8)
  A crocodile zombie (Ossuary)
  An orc (Bailey)
9 creatures vanquished.

Grand Total: 430 creatures vanquished

Notes
Turn   | Place    | Note
-------+----------+-------------------------------------------
     0 | D:1      | gelatine the Demonspawn Hunter began the quest for the Orb.
     0 | D:1      | Reached XP level 1. HP: 16/16 MP: 1/1
   117 | D:1      | Reached skill level 4 in Ranged Weapons
   131 | D:1      | Gained mutation: You may rarely emit foul miasma when
                  | damaged in melee. [demonic ancestry]
   131 | D:1      | Reached XP level 2. HP: 22/22 MP: 2/2
   598 | D:2      | Found a sacrificial altar of Ru.
   603 | D:2      | Gained mutation: A weak demonic guardian rushes to your
                  | aid. [demonic ancestry]
   603 | D:2      | Reached XP level 3. HP: 27/27 MP: 3/3
   772 | D:2      | Noticed Natasha
   778 | D:2      | Killed Natasha
   779 | D:2      | Reached skill level 1 in Stealth
   779 | D:2      | Gained mutation: You are partially covered in icy blue
                  | scales. (AC +2) [demonic ancestry]
   779 | D:2      | Reached XP level 4. HP: 29/34 MP: 4/4
   809 | D:2      | Reached skill level 5 in Ranged Weapons
  1008 | D:2      | Found a runed translucent door.
  1009 | D:2      | Noticed Crazy Yiuf
  1023 | D:2      | Killed Crazy Yiuf
  1024 | D:2      | Gained mutation: You have a pair of small horns on your
                  | head. [demonic ancestry]
  1024 | D:2      | Reached XP level 5. HP: 5/39 MP: 5/5
  1207 | D:2      | Noticed Natasha
  1213 | D:2      | Killed Natasha
  1314 | D:2      | Noticed Natasha
  1320 | D:2      | Killed Natasha
  1348 | D:3      | Reached skill level 1 in Armour
  1367 | D:3      | Learned a level 4 spell: Olgreb's Toxic Radiance
  1671 | D:3      | Gained mutation: You have a pair of horns on your head.
                  | [demonic ancestry]
  1671 | D:3      | Reached XP level 6. HP: 46/46 MP: 6/6
  1690 | D:3      | Found a glowing drain.
  1701 | Sewer    | Entered a sewer
  1769 | Sewer    | Reached skill level 6 in Ranged Weapons
  1868 | Sewer    | Reached skill level 1 in Spellcasting
  2122 | D:3      | Found a broken altar of Ashenzari.
  2587 | D:4      | Gained mutation: A demonic guardian rushes to your aid.
                  | [demonic ancestry]
  2587 | D:4      | Reached XP level 7. HP: 52/52 MP: 8/8
  2590 | D:4      | Found a sand-covered staircase.
  2595 | Ossuary  | Entered an ossuary
  2610 | Ossuary  | Gained mutation: You are strong-willed. (Will+) [potion of
                  | mutation]
  2610 | Ossuary  | Gained mutation: You occasionally shout uncontrollably at
                  | your foes. [potion of mutation]
  2610 | Ossuary  | Gained mutation: You are highly strong-willed. (Will++)
                  | [potion of mutation]
  2615 | Ossuary  | Reached skill level 1 in Evocations
  2808 | Ossuary  | Reached skill level 1 in Alchemy
  2999 | D:4      | Noticed Edmund
  3016 | D:4      | Killed Edmund
  3139 | D:4      | Reached skill level 7 in Ranged Weapons
  3808 | D:5      | Entered Level 5 of the Dungeon
  3825 | D:5      | Gained mutation: Your presence sometimes corrodes those you
                  | injure. [demonic ancestry]
  3825 | D:5      | Reached XP level 8. HP: 44/58 MP: 10/10
  3889 | D:5      | Found a snail-covered altar of Cheibriados.
  4494 | D:6      | Reached skill level 8 in Ranged Weapons
  4619 | D:6      | Found a shimmering blue altar of Sif Muna.
  4662 | D:6      | Found a staircase to the Ecumenical Temple.
  4676 | Temple   | Entered the Ecumenical Temple
  4688 | D:6      | Found a bloodstained altar of Trog.
  4696 | D:6      | Reached XP level 9. HP: 65/65 MP: 12/12
  5052 | D:6      | Found an ornate altar of the Wu Jian Council.
  5201 | D:6      | Found a sacrificial altar of Ru.
  5351 | D:6      | Learned a level 1 spell: Apportation
  5353 | D:6      | Identified the +6 flail of Patience {flame, Dex+2} (You
                  | found it on level 6 of the Dungeon)
  5616 | D:7      | Reached skill level 9 in Ranged Weapons
  5786 | D:7      | Found a shadowy altar of Dithmenos.
  6112 | D:8      | Noticed a two-headed ogre
  6128 | D:8      | Killed a two-headed ogre
  6129 | D:8      | Reached skill level 5 in Fighting
  6210 | D:8      | Noticed Psyche
  6215 | D:8      | Gained mutation: You have a pair of large horns on your
                  | head. [demonic ancestry]
  6215 | D:8      | Reached XP level 10. HP: 51/74 MP: 15/15
  6218 | D:8      | Killed Psyche
  6220 | D:8      | Noticed Erica
  6381 | D:8      | Killed Erica
  6382 | D:8      | Reached skill level 10 in Ranged Weapons
  6844 | D:8      | Found an ancient bone altar of Kikubaaqudgha.
  6858 | D:8      | Noticed Maurice
  6864 | D:8      | Maurice stole a ring of see invisible
  6869 | D:8      | Maurice stole the +6 flail of Patience {flame, Dex+2}
  6871 | D:8      | Maurice stole 350 gold
  6885 | D:8      | Killed Maurice
  7192 | D:9      | Noticed a two-headed ogre
  7241 | D:9      | Found a flagged portal.
  7246 | Bailey   | Entered a bailey
  7711 | Bailey   | Reached skill level 11 in Ranged Weapons
  8064 | Bailey   | Identified the +4 arbalest "Uzavynu" {flame, ^Contam Will+
                  | rCorr Dex+2}
  8185 | D:9      | Gained mutation: A powerful demonic guardian rushes to your
                  | aid. [demonic ancestry]
  8185 | D:9      | Reached XP level 11. HP: 81/81 MP: 17/17
  8339 | D:9      | Found a radiant altar of Vehumet.
  8645 | D:9      | Noticed an arcanist
  8646 | D:9      | Found a one-way gate to the infinite horrors of the Abyss.
  8646 | D:9      | Noticed CougarLife's ghost (novice GnSh)
  8879 | D:9      | Found a transporter.
  8885 | D:9      | Noticed a skeletal warrior
  8909 | D:9      | Reached skill level 5 in Dodging
  8975 | D:9      | Killed a two-headed ogre
  8976 | D:9      | Reached skill level 12 in Ranged Weapons
  9013 | D:9      | Found a transporter.
  9248 | D:10     | Entered Level 10 of the Dungeon
  9338 | D:10     | Noticed Grum
  9365 | D:10     | Killed Grum
  9713 | D:10     | Found a shimmering altar of Xom.
  9715 | D:10     | Found a shimmering altar of Xom.
  9716 | D:10     | Found a shimmering altar of Xom.
  9716 | D:10     | Found a shimmering altar of Xom.
  9716 | D:10     | Found a shimmering altar of Xom.
  9725 | D:10     | Found a shimmering altar of Xom.
 10058 | D:10     | Reached skill level 5 in Spellcasting
 10467 | D:11     | Noticed a centaur warrior
 10484 | D:11     | Killed a centaur warrior
 10655 | D:11     | Noticed a two-headed ogre
 10661 | D:11     | Killed a two-headed ogre
 10703 | D:11     | Reached skill level 13 in Ranged Weapons
 10797 | D:11     | Reached skill level 5 in Alchemy
 10857 | D:11     | Reached XP level 12. HP: 87/91 MP: 20/20
 10877 | D:11     | Found a staircase to the Orcish Mines.
 10921 | D:11     | Noticed a two-headed ogre
 10923 | D:11     | Killed a two-headed ogre
 11217 | D:11     | Found a staircase to the Lair.
 11232 | Lair:1   | Entered Level 1 of the Lair of Beasts
 12067 | Lair:2   | Found a staircase to the Snake Pit.
 12196 | Lair:2   | Reached skill level 14 in Ranged Weapons
 12333 | Lair:2   | Noticed a four-headed hydra
 12340 | Lair:2   | Killed a four-headed hydra
 12457 | Lair:2   | Found a staircase to the Swamp.
 12750 | Lair:2   | Reached skill level 1 in Shields
 12750 | Lair:2   | Reached skill level 1 in Translocations
 12750 | Lair:2   | Gained mutation: Your presence sometimes corrodes or
                  | deforms those you injure. [demonic ancestry]
 12750 | Lair:2   | Reached XP level 13. HP: 101/101 MP: 22/22
 13187 | Lair:3   | Mangled by a komodo dragon

Illustrated notes

Levels and vault maps discovered:
D:1:      spicycebolla_green_bress_n_ham_2, layout_basic
D:2:      layout_rooms, basic_altar, minmay_pentomino_x4,
          uniq_crazy_yiuf_cottage, uniq_natasha
D:3:      layout_loops_ring, evilmike_ruin_ashenzari, portal_sewer_entry_a,
          st_stairs_9, wander_ebering_terrifying_dragon_lair
D:4:      layout_gridville, enter_ossuary_2, kennysheep_diamond, st_stairs_3,
          uniq_edmund
D:5:      layout_rooms, kennysheep_slug_shrine
D:6:      layout_gridville, old_standard_altar,
          mainiacjoe_overflow_cross_hatched, nicolae_wu_jian_glorious_leap,
          mainiacjoe_overflow_surrounded_room, trog_butcher_becter,
          minmay_temple_entry_statues, kennysheep_flooded_box
D:7:      layout_loops_ring, grunt_dithmenos_shadows
D:8:      layout_rooms, kiku_gazebo_pond_becter, uniq_psyche, uniq_maurice,
          uniq_erica
D:9:      layout_roguey, old_standard_altar, gammafunk_ghost_abyssal_escape,
          enter_bailey_3
D:10:     layout_irregular_city, mainiacjoe_overflow_alcove_4, xom_redecorated,
          uniq_josephine, uniq_grum
D:11:     layout_loops_cross, erik_lair_dragon, minmay_orc_entry_guard_dogs
Temple:   compressed_dpeg_circular_temple
Lair:1:   layout_hall_layers, bh_autumn_forest_stairs
Lair:2:   layout_cave_shapes, minmay_swamp_entry_worms, dummy_snake_entry,
          columned_hall_lemuel, serial_bayou_shore_a
Lair:3:   layout_cave_pods, st_stairs_5, chequers_serial_rivers_small_b, pond,
          grunt_megastairs_3

Skill      XL: |  1  2  3  4  5  6  7  8  9 10 11 12 13 |
---------------+----------------------------------------+-----
Ranged Weapons | 4 5 6 7 8 9 11 13 14 | 14.9
Dodging        | 2 3 4 5 6 7 |  7.0
Stealth        | 1 2 3 4 |  4.6
Armour         | 1 2 3 |  3.3
Spellcasting   | 1 2 3 4 5 6 |  6.7
Fighting       | 3 4 5 6 7 9 |  9.4
Evocations     | 1 2 3 |  3.3
Alchemy        | 1 2 3 4 5 6 |  6.4
Shields        | 1 |  1.2
Translocations | 1 |  1.2

Action                     |  1- 3 |  4- 6 |  7- 9 | 10-12 | 13-15 || total
---------------------------+-------+-------+-------+-------+-------++-------
  Melee: Shortbow          |       |       |     6 |       |       ||     6
         Headbutt          |       |       |     4 |       |       ||     4
   Fire: Shortbow          |    73 |   207 |   389 |    54 |       ||   723
         Longbow           |       |       |       |   602 |    60 ||   662
   Cast: Apportation       |       |       |     2 |       |       ||     2
         Olgreb's Toxic Ra |       |       |       |     1 |     1 ||     2
    Use: Scroll            |       |     2 |     9 |    12 |     1 ||    24
         Potion            |       |       |     4 |     5 |     1 ||    10
 Armour: Leather armour    |    13 |    28 |    88 |       |       ||   129
         Steam dragon scal |       |       |    28 |   187 |    27 ||   242
  Dodge: Dodged            |    20 |    42 |   151 |   268 |    51 ||   532

Table legend: (Time is in decaauts)
 A = Elapsed time spent in this place.
 B = Non-inter-level travel time spent in this place.
 C = Inter-level travel time spent in this place.
 D = Time resting spent in this place.
 E = Time spent auto-exploring this place.
 F = Levels seen in this place.
 G = Mean time per level.
                   A        B        C        D        E       F      G
               +--------+--------+--------+--------+--------+-----+--------+
         Total |  13435 |  13027 |    408 |     52 |  10415 |  18 |  746.4 |
       Dungeon |   9665 |   9310 |    355 |     52 |   7554 |  11 |  878.6 |
        Temple |      1 |      1 |      0 |      0 |      0 |   1 |    1.0 |
          Lair |   1967 |   1914 |     53 |      0 |   1565 |   3 |  655.7 |
         Sewer |    453 |    453 |      0 |      0 |    326 |   1 |  453.0 |
       Ossuary |    383 |    383 |      0 |      0 |    287 |   1 |  383.0 |
        Bailey |    964 |    964 |      0 |      0 |    682 |   1 |  964.0 |
               +--------+--------+--------+--------+--------+-----+--------+

Top non-repeatable levels by time:
    D:10: 1220 daAuts
     D:9: 1213 daAuts
  Lair:2: 1090 daAuts
     D:6: 1049 daAuts
  Bailey: 964 daAuts
     D:8: 913 daAuts
     D:4: 911 daAuts
     D:3: 839 daAuts
     D:7: 830 daAuts
    D:11: 805 daAuts
     D:2: 781 daAuts
  Lair:1: 748 daAuts
     D:1: 583 daAuts
     D:5: 518 daAuts
   Sewer: 453 daAuts
